 Dungeon Crawl Stone Soup version 0.24-a0-581-gc0fa6600bf (webtiles) character file.

Game seed: 1267380772895694572

1095 Kavrick the Cudgeler (level 8, 0/63 HPs)
             Began as a Formicid Fighter on Aug 25, 2019.
             Was a Follower of Okawaru.
             Slain by a yak (6 damage)
             ... on level 5 of the Dungeon.
             The game lasted 00:08:30 (5408 turns).

Kavrick the Cudgeler (Formicid Fighter)             Turns: 5408, Time: 00:08:31

Health: 0/63       AC:  9    Str: 23    XL:     8   Next: 57%
Magic:  8/8        EV:  9    Int:  8    God:    Okawaru [*.....]
Gold:   284        SH: 10    Dex: 10    Spells: 7/7 levels left

rFire    . . .     SeeInvis +   h - +1 whip (venom)
rCold    . . .     Gourm    .   x - +0 shield (curse)
rNeg     . . .     Faith    .   q - +0 chain mail
rPois    .         Spirit   .   (helmet unavailable)
rElec    .         Reflect  .   (no cloak)
rCorr    .         Harm     .   (no gloves)
MR       .....                  (no boots)
Stlth    ..........             (no amulet)
HPRegen  0.20/turn              n - +2 ring of evasion
MPRegen  0.11/turn              t - ring of see invisible

@: no status effects
A: permanent stasis, dig shafts and tunnels, four strong arms, antennae 3
a: Dig, Shaft Self, Heroism, Renounce Religion


You were on level 5 of the Dungeon.
You worshipped Okawaru.
Okawaru was aware of your devotion.
You were hungry.

You visited 2 branches of the dungeon, and saw 7 of its levels.

You collected 284 gold pieces.

Inventory:

Hand Weapons
 h - a +1 whip of venom (weapon)
 y - a +2 antimagic whip
Missiles
 o - 6 poisoned darts (quivered)
Armour
 c - a +0 shield
 q - a +0 chain mail (worn)
 x - a cursed +0 shield (worn)
 z - a +0 pair of boots
Jewellery
 j - an uncursed ring of fire
 l - an uncursed ring of stealth
 n - a +2 ring of evasion (left hand)
 t - a ring of see invisible (right hand)
 B - a +2 ring of intelligence {unknown}
Wands
 w - a wand of polymorph (5)
Scrolls
 g - 2 scrolls of remove curse
 i - 2 scrolls of teleportation
 k - 2 scrolls of fear
 p - 4 scrolls of identify
 A - a scroll of immolation {unknown}
Potions
 a - 2 potions of degeneration {unknown}
 b - 2 potions of flight
 d - a potion of might
 e - a potion of lignification {unknown}
 m - a potion of magic {unknown}
 r - a potion of resistance {unknown}
 s - a potion of curing {unknown}
 u - 2 potions of berserk rage {unknown}
Comestibles
 f - 8 rations


   Skills:
 + Level 5.4 Fighting
 * Level 6.0 Maces & Flails
 + Level 3.0 Throwing
 + Level 5.4 Armour
 + Level 5.8 Shields


You had 7 spell levels left.
You didn't know any spells.
Your spell library was empty.

Dungeon Overview and Level Annotations

Branches:
Dungeon (6/15)             Temple (1/1) D:4

Altars:
Ashenzari
Cheibriados
Dithmenos
Fedhas
Gozag
Kikubaaqudgha
Makhleb
Nemelex Xobeh
Okawaru
Qazlal
Sif Muna
Trog
Uskayaw
Vehumet
Wu Jian
Xom
Yredelemnul
Zin

Annotations:
D:5 3 runed translucent doors, 2 transporters, Execuda's ghost, novice OgBe; Zyracius's ghost, novice TrMo


Innate Abilities, Weirdness & Mutations

You cannot be hasted, slowed, berserked, paralysed or teleported.
You can dig through walls and to a lower floor.
Your four strong arms can wield two-handed weapons with a shield.
You have a pair of large antennae on your head. (SInv)


Message History

Level annotation: 3 runed translucent doors, 2 transporters, Execuda's ghost, novice OgBe; Zyracius's ghost, novice TrMo
There is a stone staircase leading down here.
The yak barely misses you. The yak gores you!
* * * LOW HITPOINT WARNING * * *
The yak closely misses you.
The yak looks more healthy.
You closely miss the yak.
The yak is heavily wounded.
The yak gores you!
* * * LOW HITPOINT WARNING * * *
Your shield and chain mail prevent you from hitting the yak.
The yak is heavily wounded.
You block the yak's attack.
You whack the yak!
The yak is poisoned.
The yak is severely wounded.
You hit the yak but do no damage.
The yak is severely wounded.
The yak gores you.
You die...

#.##.#)###########.......####.##l
#.##.#...................# #..##
#.##.#..##########>......# ##...
#.##.#...........#.......######..
#.##.#...........#...............
#..............>.#......######..#
.###.#.#.........+......+........
.....#.#.#########......######...
.........#...#YY@................
.........#.#.#.#############.....
.........#.#.#...........###.....
.........#.#.#.#########.........
.........#.#.#.#############.#.##
.........#.#.#.#.................
.......>.#.#.#.#.###########..###
.........#.#.#.........#####....#
.........#.#.#########.##.##....#


You could see 2 yaks.

Vanquished Creatures
  Sigmund (D:4)
  A yak (D:6)
  A water moccasin (D:5)
  An ogre (D:5)
  A scorpion (D:5)
  3 crimson imps (D:5)
  2 orc wizards (D:5)
  An orc priest (D:4)
  Natasha (thrice) (D:4)
  Ijyb (D:4)
  5 worker ants
  5 adders
  An ooze (D:2)
  An adder skeleton (D:4)
  A worm (D:3)
  A dart slug (D:3)
  4 leopard geckos
  15 orcs
  4 giant cockroaches
  14 goblins
  9 hobgoblins
  3 jackals (D:3)
  2 quokkas
  A ball python (D:3)
  A ball python skeleton (D:4)
  11 bats
  4 frilled lizards
  A jackal skeleton (D:5)
  11 kobolds
  6 rats
  A spectral orc (D:2)
116 creatures vanquished.

Vanquished Creatures (others)
  6 withered plants (D:5)
6 creatures vanquished.

Grand Total: 122 creatures vanquished

Notes
Turn   | Place    | Note
-------+----------+-------------------------------------------
     0 | D:1      | Kavrick the Formicid Fighter began the quest for the Orb.
     0 | D:1      | Reached XP level 1. HP: 18/18 MP: 1/1
   152 | D:1      | Reached XP level 2. HP: 24/24 MP: 2/2
   712 | D:1      | Reached XP level 3. HP: 29/29 MP: 3/3
   875 | D:2      | Found a faded altar of an unknown god.
  1292 | D:2      | Reached XP level 4. HP: 37/37 MP: 4/4
  1301 | D:2      | Reached skill level 3 in Maces & Flails
  1535 | D:2      | Found a basalt altar of Yredelemnul.
  2098 | D:3      | Reached XP level 5. HP: 29/42 MP: 5/5
  2450 | D:3      | Found a shimmering altar of Xom.
  2518 | D:4      | Found a blossoming altar of Fedhas.
  2575 | D:4      | Noticed Natasha
  2584 | D:4      | Killed Natasha
  2725 | D:4      | Noticed Sigmund
  2737 | D:4      | Killed Sigmund
  2737 | D:4      | Reached skill level 4 in Maces & Flails
  2737 | D:4      | Reached skill level 1 in Throwing
  2737 | D:4      | Reached XP level 6. HP: 48/49 MP: 6/6
  2895 | D:4      | Found a staircase to the Ecumenical Temple.
  2901 | Temple   | Entered the Ecumenical Temple
  2943 | Temple   | Became a worshipper of Warmaster Okawaru
  3049 | D:4      | Noticed Ijyb
  3062 | D:4      | Killed Ijyb
  3339 | D:4      | Reached XP level 7. HP: 48/55 MP: 7/7
  3380 | D:4      | Noticed Natasha
  3394 | D:4      | Killed Natasha
  3414 | D:4      | Noticed Natasha
  3428 | D:4      | Killed Natasha
  3624 | D:5      | Entered Level 5 of the Dungeon
  3636 | D:5      | Reached skill level 5 in Shields
  3722 | D:5      | Found a shattered altar of Ashenzari.
  3725 | D:5      | Found a runed translucent gate.
  3725 | D:5      | Found a runed translucent gate.
  3725 | D:5      | Found a runed translucent gate.
  3725 | D:5      | Noticed Execuda's ghost (novice OgBe)
  3726 | D:5      | Noticed Zyracius's ghost (novice TrMo)
  3873 | D:5      | Reached skill level 5 in Maces & Flails
  4028 | D:5      | Found an opulent altar of Gozag.
  4117 | D:5      | Reached * piety under Okawaru
  4145 | D:5      | Reached skill level 5 in Fighting
  4145 | D:5      | Reached XP level 8. HP: 53/62 MP: 8/8
  4227 | D:5      | Reached skill level 5 in Armour
  4271 | D:5      | Found a shadowy altar of Dithmenos.
  4737 | D:5      | Found a snail-covered altar of Cheibriados.
  4737 | D:5      | Noticed a komodo dragon
  4738 | D:5      | Found a glowing silver altar of Zin.
  4839 | D:5      | Found a transporter.
  4843 | D:5      | Found a transporter.
  5206 | D:6      | Noticed a yak
  5207 | D:6      | Noticed a yak
  5208 | D:6      | Noticed a yak
  5220 | D:6      | Killed a yak
  5220 | D:6      | Reached skill level 6 in Maces & Flails
  5362 | D:6      | Noticed a yak
  5408 | D:5      | Slain by a yak

Levels and vault maps discovered:
D:1:      noname_arrival_rooms_in_the_neighbourhood, layout_basic,
          minmay_tetromino_s4
D:2:      layout_basic, yredelemnul_forgotten_temple_becter,
          chequers_ecumenical_altar_simple
D:3:      layout_rooms, tgw_xom, portal_sewer_entry_b, grunt_ministairs_9
D:4:      layout_loops_ring, overflow_temple_1_default,
          minmay_temple_entry_enclosed_plants, first_ration, minivault_4,
          uniq_ijyb, uniq_sigmund, uniq_natasha
D:5:      layout_basic, gammafunk_temple_overflow_arena, marbit_many_paths,
          gammafunk_ghost_cemetery, basic_altar
D:6:      layout_loops_cross, corexii_shack, uniq_edmund, uniq_blork_the_orc,
          uniq_pikel
Temple:   cyrus_temple_forest

Skill      XL: |  1  2  3  4  5  6  7  8 |
---------------+-------------------------+-----
Shields        | 4 5 |  5.8
Maces & Flails | 3 4 5 6 |  6.0
Armour         | 4 5 |  5.4
Fighting       | 4 5 |  5.4
Throwing       | 1 2 3 |  3.0

Action                   |  1- 3 |  4- 6 |  7- 9 || total
-------------------------+-------+-------+-------++-------
Melee: Flail             |    10 |       |       ||    10
       Whip              |    64 |   190 |   210 ||   464
Throw: Dart              |       |     5 |       ||     5
  Use: Scroll            |       |     7 |       ||     7
  Eat: Chunk             |     1 |     7 |     6 ||    14
Armor: Scale mail        |    15 |       |       ||    15
       Chain mail        |     4 |    60 |    51 ||   115
Dodge: Dodged            |    10 |    48 |    48 ||   106
Block: Shield            |    40 |    86 |    74 ||   200

Table legend:
 A = Non-vault XP
 B = Vault XP
 C = Vault XP percentage of total XP
 D = Non-vault monster count
 E = Vault monster count
 F = Vault count percentage of total count
                 A         B        C        D         E       F
            +---------+---------+-------+---------+---------+-------
      Total |    1237 |     328 |  21.0 |      99 |      17 |  14.7
            +---------+---------+-------+---------+---------+-------
        D:1 |      29 |       3 |   9.4 |      16 |       2 |  11.1
        D:2 |      63 |       1 |   1.6 |      20 |       1 |   4.8
        D:3 |      66 |      15 |  18.5 |      29 |      10 |  25.6
        D:4 |     163 |     276 |  62.9 |      10 |       3 |  23.1
        D:5 |     717 |      33 |   4.4 |      23 |       1 |   4.2
        D:6 |     199 |       0 |   0.0 |       1 |       0 |   0.0
            +---------+---------+-------+---------+---------+-------
